AoeStats
← Cheario

African Clearing

506330653Analyzed
3v3 RM · 1mo ago on Sep 13, 2026· 35m 27s· 6 players
Game mode
Random Map
Map size
Normal (6 player)
Population
200
Speed
Normal
Resources
Standard
Victory
Conquest
Starting age
Dark Age
Ending age
Imperial Age
RankedLock teamsTeams togetherTeam positionsShared explorationLock speedFull tech treeHidden civsTurbo modeCheats
Victory
Defeat
🇺🇸 Chinese · United States
1196
+18
🇺🇸 Berbers · United States
1195
+18
🇺🇸 Poles · United States
1184
+18
vs
🇲🇽 Malay · Mexico
1265
-19
🇲🇽 Khitans · Mexico
1249
-19
🇲🇽 Franks · Mexico
1187
-16
MZTK | SUPERLALOSKI
11:48 Loom
14:10 Feudal Age
14:59 Double-Bit Axe
19:27 Man-at-Arms
28:53 Castle Age
31:40 Scale Barding Armor
31:45 Forging
33:15 Bow Saw
MZTK | \_[Cuauhtémoc]_/
15:07 Feudal Age
15:48 Loom
19:39 Castle Age
18:45 Double-Bit Axe
MERA_Varalaukar
8:05 Loom
12:26 Feudal Age
19:01 Castle Age
18:00 Forging
18:03 Double-Bit Axe
21:19 Iron Casting
21:45 Husbandry
22:38 Bow Saw
24:31 Scale Barding Armor
29:47 Wheelbarrow
SirH
3:29 Loom
13:45 Feudal Age
14:26 Double-Bit Axe
14:45 Town Watch
16:01 Wheelbarrow
23:51 Castle Age
22:07 Horse Collar
27:31 Szlachta Privileges
29:07 Husbandry
Cheario
2:58 Loom
13:08 Feudal Age
14:28 Double-Bit Axe
17:02 Fletching
18:38 Forging
24:57 Castle Age
23:11 Padded Archer Armor
24:24 Scale Mail Armor
27:09 Bodkin Arrow
28:53 Ballistics
30:38 Crossbowman
32:15 Gold Mining
33:29 Leather Archer Armor
33:32 Horse Collar
35:18 Wheelbarrow
35:20 Gold Shaft Mining
35:13 Thumb Ring
34:42 Pikeman
35:41 Chain Mail Armor
Mordon327
4:44 Loom
14:05 Feudal Age
18:39 Castle Age
16:33 Double-Bit Axe
18:22 Wheelbarrow
18:01 Forging
19:06 Bloodlines
23:32 Iron Casting
24:51 Husbandry
31:25 Hand Cart
31:21 Gold Mining
32:02 Scale Barding Armor
32:38 Stone Mining
32:59 Town Watch
34:08 Bow Saw
Connection lost

Rejoining the realm…

Still unreachable

The connection could not be restored.

Session expired

The server has moved on; the page needs a fresh start.